 Dungeon Crawl Stone Soup version 0.19-a0-1490-g5dd3618 (webtiles) character file.

52 epen the Chopper (level 3, -2/33 HPs)
             Began as a Hill Orc Monk on Sept 8, 2016.
             Slain by Terence
             ... wielding a +4 trident of flaming
              (3 damage)
             ... on level 2 of the Dungeon.
             The game lasted 00:01:59 (1656 turns).

epen the Chopper (Hill Orc Monk)                    Turns: 1656, Time: 00:02:00

Health: -2/33      AC:  6    Str: 11 (14) XL:     3   Next: 85%
Magic:  3/3        EV: 13    Int:  7 (10) God:
Gold:   61         SH:  0    Dex: 12 (13) Spells: 0 memorised, 2 levels left

rFire  . . .     SeeInvis +     i - -1 hand axe (curse)
rCold  . . .     Gourm    .     f - +0 ring mail
rNeg   . . .     Faith    .     (no shield)
rPois  .         Spirit   .     (no helmet)
rElec  .         Dismiss  .     (no cloak)
rCorr  .         Reflect  .     (no gloves)
MR     .....     Harm     .     (no boots)
Stlth  +.........               (no amulet)
                                h - +2 ring of evasion
                                g - ring of see invisible

@: lethally poisoned (-2 -> -4), drained
A: fangs 1, blurry vision 1, shaggy fur 1
a: no special abilities


You were on level 2 of the Dungeon.
You were hungry.

You visited 1 branch of the dungeon, and saw 2 of its levels.

You collected 61 gold pieces.

Inventory:

Hand Weapons
 a - a +0 hand axe
 e - a +0 dagger of draining
 i - a cursed -1 hand axe (weapon)
Armour
 b - a +0 robe
 f - a +0 ring mail (worn)
Jewellery
 g - a ring of see invisible (left hand)
 h - a +2 ring of evasion (right hand)
Scrolls
 k - 2 scrolls of identify {unknown}
 l - a scroll of recharging {unknown}
 n - a scroll of teleportation {unknown}
 p - a scroll of enchant armour {unknown}
Potions
 j - a potion of ambrosia {unknown}
 m - a potion of resistance {unknown}
 o - a potion of brilliance {unknown}
 r - a potion of flight {unknown}
Comestibles
 c - 2 bread rations
 q - 2 meat rations
 t - 3 chunks of flesh


   Skills:
 + Level 4.2(4.1) Fighting
 + Level 4.5(4.4) Axes
 + Level 1.2(1.1) Armour
 * Level 3.0(2.9) Dodging
 - Level 1.5(1.4) Stealth


You had 2 spell levels left.
You didn't know any spells.

Dungeon Overview and Level Annotations

Branches:
Dungeon (2/15)

Altars:

Annotations:
D:2 Terence


Innate Abilities, Weirdness & Mutations

You have very sharp teeth.
Scrolls take you a little longer to read.
You are covered in fur. (AC +1)


Message History

Terence hits you from afar with a trident of flaming!
* * * LOW HITPOINT WARNING * * *
Terence burns you.
* * * LOW HITPOINT WARNING * * *
It was a potion of mutation.
You feel extremely strange.
Your vision blurs.
Your teeth lengthen and sharpen.
Fur sprouts all over your body. The adder closely misses you.
The hobgoblin completely misses you.
Terence hits you from afar with a trident of flaming.
* * * LOW HITPOINT WARNING * * *
Terence burns you.
* * * LOW HITPOINT WARNING * * *
It was a potion of degeneration.
There was something very wrong with that liquid.
You feel weakened.
You feel dopey.
You feel clumsy.
* * * LOW HITPOINT WARNING * * *
You feel sick. The adder closely misses you.
The hobgoblin hits you but does no damage.
Terence hits you from afar with a trident of flaming.
You die...

..#
#...###...........##.#
..#
##......#######....#.###
..# #.....###.#
#.....#....... ###
#.##..# #.#
#.##.##..####. .. #<..#
#.# #.#........... ..
###..##.# #.#..#########
. .......###.#..# #
#...#.....####
#.##.#.#@#####
#....#.gS# ........@#
........># ........##
........# ........#
........# ........#


You could see Terence, an adder and a hobgoblin.

Vanquished Creatures
  An adder (D:2)
  2 worms (D:2)
  2 giant geckos
  3 goblins
  6 hobgoblins (D:1)
  A quokka (D:2)
  A ball python (D:1)
  7 bats
  2 giant newts (D:1)
  5 kobolds
  6 rats
36 creatures vanquished.

Notes
Turn   | Place    | Note
-------+----------+-------------------------------------------
     0 | D:1      | epen the Hill Orc Monk began the quest for the Orb.
     0 | D:1      | Reached XP level 1. HP: 19/19 MP: 1/1
    95 | D:1      | Reached XP level 2. HP: 9/27 MP: 2/2
   595 | D:1      | Reached skill level 1 in Armour
   982 | D:2      | Found a faded altar of an unknown god.
   995 | D:2      | Reached XP level 3. HP: 33/33 MP: 3/3
  1645 | D:2      | Noticed Terence
  1655 | D:2      | Gained mutation: Scrolls take you a little longer to read. [potion of mutation]
  1655 | D:2      | Gained mutation: You have very sharp teeth. [potion of mutation]
  1655 | D:2      | Gained mutation: You are covered in fur. (AC +1) [potion of mutation]
  1656 | D:2      | HP: 1/33 [poisoned by an adder]
  1656 | D:2      | Slain by Terence

Vault maps used:
D:1:      noname_arrival_rooms_in_the_neighbourhood
D:2:      tso_metal_star, ecumenical_altar_1, uniq_terence

Skill      XL: |  1  2  3 |
---------------+----------+-----
Fighting       | 4 |  4.2
Armour         | 1 |  1.2
Dodging        | 3 |  3.0
Axes           | |  4.5
Stealth        | |  1.5

Action                   || total
-------------------------++-------
Melee: Hand axe          ||   127
       Dagger            ||    10
  Use: Potion            ||     2
 Stab: Sleeping          ||     3
  Eat: Chunk             ||     2
Armor: Robe              ||     8
       Ring mail         ||    18
Dodge: Dodged            ||   104
